 Dungeon Crawl Stone Soup version 0.15-a0-1579-gd26fec2 (webtiles) character file.

13460 Quh the Conjurer (level 11, -31/77 HPs)
             Began as a Demonspawn Wizard on June 18, 2014.
             Was a High Priest of Vehumet.
             Killed from afar by an ice dragon (36 damage)
             ... with a blast of cold
             ... on Level 2 of the Orcish Mines on June 19, 2014.
             The game lasted 02:01:42 (20358 turns).

Quh the Conjurer (Demonspawn Wizard)               Turns: 20358, Time: 02:01:42

HP -31/77        AC  8     Str  9      XL: 11   Next: 75%
MP   1/29        EV 12     Int 25      God: Vehumet [*****.]
Gold 1252        SH  0     Dex 16      Spells:  9 memorised,  2 levels left

rFire  + . .     SeeInvis .     v - +2 quarterstaff of the Forgotten Wonders {pain, rPois rF+ Dex+2 Stlth+}
rCold  . . .     Clarity  .     D - +2 robe {Archmagi}
rNeg   . . .     rCorr    .     (no shield)
rPois  +         rRot     .     (helmet unavailable)
rElec  .         Spirit   .     x - +0 cloak
SustAb .         Warding  .     (no gloves)
rMut   .         Stasis   .     W - +0 pair of boots
Gourm  .                        (no amulet)
MR     .....                    H - +2 ring of intelligence
                                G - ring of stealth

@: repel missiles, not resistant to hostile enchantments, very stealthy
A: horns 3, talons 1, thin metallic scales 1, agile 1, powered by death 1,
strong 1
a: Renounce Religion


You were on level 2 of the Orcish Mines.
You worshipped Vehumet.
Vehumet was extremely pleased with you.
You were not hungry.

You visited 3 branches of the dungeon, and saw 14 of its levels.
You also visited: Ossuary.

You collected 1275 gold pieces.
You spent 23 gold pieces at shops.

Inventory:

Hand weapons
 a - a +0 dagger of electrocution
 v - the +2 quarterstaff of the Forgotten Wonders (weapon) {pain, rPois rF+ Dex+2 Stlth+}
   (You took it off a hobgoblin on level 8 of the Dungeon)

   In the hands of one skilled in necromantic magic, it inflicts extra damage on
   living creatures.
   It affects your dexterity (+2).
   It protects you from fire.
   It protects you from poison.
   It makes you more stealthy.
 y - a +3 quarterstaff of protection
 K - a +0 short sword of distortion
 U - the -1 mace of War {elec, rF+ rC+}
   (You took it off an orc on level 9 of the Dungeon)

   Occasionally, upon striking a foe, it will discharge some electrical energy
   and cause terrible harm.
   It protects you from fire.
   It protects you from cold.
Armour
 x - a +0 cloak (worn)
 D - a +2 robe of the Archmagi (worn)
 L - the +1 chain mail of Hebb {Dex-3 Int+2, unknown}
   (You found it on level 6 of the Dungeon)

   It affects your intelligence (+2).
   It affects your dexterity (-3).
 R - a +0 robe of magic resistance
 W - a +0 pair of boots (worn)
Magical devices
 b - a wand of confusion (11) {unknown}
 f - a wand of lightning (5) {unknown}
 k - a wand of enslavement (15) {unknown}
 Y - a wand of slowing (12) {unknown}
 Z - a wand of confusion (6) {unknown}
Comestibles
 d - 5 bread rations
 n - a royal jelly
 w - 3 fruits
 B - a chunk of orc flesh
Scrolls
 m - 2 scrolls of amnesia
 o - 2 scrolls of enchant weapon
 q - 5 scrolls of identify
 s - a scroll of enchant armour {unknown}
 t - a scroll of noise {unknown}
 u - 2 scrolls of fog
 A - a scroll of teleportation
 M - 2 scrolls of immolation {unknown}
 N - a scroll of brand weapon {unknown}
 Q - 2 scrolls of remove curse
Jewellery
 i - an uncursed ring of teleportation
 z - a cursed ring of protection from magic
 E - an uncursed amulet of resist mutation {unknown}
 F - an uncursed ring of sustain abilities {unknown}
 G - a ring of stealth (left hand)
 H - a +2 ring of intelligence (right hand)
Potions
 e - a potion of lignification
 g - 5 potions of heal wounds
 h - 4 potions of curing
 j - 2 potions of brilliance
 l - 2 potions of cure mutation
 p - 5 potions of agility
 r - 2 potions of flight
 C - a potion of porridge
 I - 2 potions of might
 O - a potion of magic {unknown}
 S - a potion of confusion {unknown}
Books
 c - a book of Minor Magic

   Spells                             Type                      Level
   *Magic Dart                        Conjuration                  1
   *Blink                             Translocation                2
   Call Imp                           Summoning                    2
   *Repel Missiles                    Charms/Air                   2
   Slow                               Hexes                        2
   *Conjure Flame                     Conjuration/Fire             3
   *Mephitic Cloud                    Conjuration/Poison/Air       3
 P - a book of Ice

   Spells                             Type                      Level
   Metabolic Englaciation             Hexes/Ice                    5
   Ozocubu's Refrigeration            Ice                          6
   *Bolt of Cold                      Conjuration/Ice              6
   Freezing Cloud                     Conjuration/Ice/Air          6
   Simulacrum                         Ice/Necromancy               6
 T - a book of Debilitation

   Spells                             Type                      Level
   Corona                             Hexes                        1
   Slow                               Hexes                        2
   Inner Flame                        Hexes/Fire                   3
   Enslavement                        Hexes                        4
   Cause Fear                         Hexes                        4
   Leda's Liquefaction                Hexes/Earth                  4


   Skills:
 - Level 4.1 Fighting
 - Level 1.7 Dodging
 - Level 6.5 Stealth
 * Level 9.5 Spellcasting
 * Level 11.2 Conjurations
   Level 2.6 Summonings
 - Level 2.0 Translocations
 - Level 7.2 Ice Magic
 - Level 1.8 Air Magic
 - Level 1.8 Poison Magic


You had 2 spell levels left.
You knew the following spells:

 Your Spells              Type           Power        Failure   Level  Hunger
a - Magic Dart            Conj           ####         1%          1    None
b - Blink                 Tloc           N/A          4%          2    None
c - Orb of Destruction    Conj           #######...   13%         7    #######
d - Repel Missiles        Chrm/Air       ###...       8%          2    None
e - Mephitic Cloud        Conj/Pois/Air  ######..     1%          3    None
f - Conjure Flame         Conj/Fire      ######..     1%          3    None
g - Shock                 Conj/Air       ####         1%          1    None
h - Throw Frost           Conj/Ice       ######       1%          2    None
i - Bolt of Cold          Conj/Ice       ######....   5%          6    ######.


Dungeon Overview and Level Annotations

Branches:
Dungeon (10/15)            Temple (1/1) D:5             Orc (3/4) D:9
    Elf: Orc:3-4       Lair: D:8-11

Altars:
Ashenzari
Cheibriados
Dithmenos
Elyvilon
Fedhas
Gozag
Kikubaaqudgha
Makhleb
Nemelex Xobeh
Okawaru
Qazlal
Sif Muna
Trog
Vehumet
Xom
Yredelemnul
Zin
The Shining One
Jiyva

Shops:
D:4 [

Annotations:
D:6 lennard's ghost, average GrBe
D:7 Arvee's ghost, experienced TrMo
D:8 exclusion: 2 oklob saplings
Orc:1 exclusion: oklob plant


Innate Abilities, Weirdness & Mutations

You have a pair of large horns on your head.
You are partially covered in thin metallic scales (AC +2).
You can steal the life force of nearby defeated enemies.
You have sharp toenails.
You are agile. (Dex +2)
Your muscles are strong. (Str +2)


Message History

The ice dragon bites you. The ice dragon barely misses you.
The ice dragon tramples you!
You stumble backwards!
You hit the ice dragon but do no damage.
The ice dragon bites you. The ice dragon claws you!
The ice dragon completely misses you. The ice dragon bites you!
The ice dragon claws you!
* * * LOW HITPOINT WARNING * * *
The ice dragon tramples you but does no damage.
Casting: Blink
Confirm with . or Enter, or press ? or * to list all spells.
You feel a surge of power!
You blink.
The ice dragon bites you!
* * * LOW HITPOINT WARNING * * *
The ice dragon claws you but does no damage.
The ice dragon closely misses you.
Casting: Blink
Confirm with . or Enter, or press ? or * to list all spells.
You don't have enough magic to cast that spell.
The ice dragon breathes frost at you. The blast of cold hits you!
You die...

....... ..........
#.........# ### #
.........## ##.## .
.#.........#####...#
.. ...........#.##...#
##.##.#.............##
#......#.#...........#
......#.........@.D§.#
#.. ##.####.###.....##
...##..###.## #.##...#
...#...##.## ####...#
.......###%# ##.##
......## .# ###
......# .. .....## .##
#.....# ..


You could see an ice dragon.

Vanquished Creatures
  The ghost of Duskembrace the Grappler, an experienced TrMo of Okawaru (D:9)
  An orc knight (Orc:3)
  Pikel (D:8)
  A feature mimic (D:9)
  A troll (D:10)
  3 polar bears (Orc:2)
  Sonja (D:10)
  A two-headed ogre (D:9)
  2 steam dragons
  4 wandering mushrooms (D:8)
  12 yaks
  Eustachio (Orc:2)
  A hungry ghost (D:10)
  4 hippogriffs
  A wolf (Orc:2)
  2 wargs
  A water moccasin (D:10)
  2 vampire mosquitoes (D:10)
  2 sky beasts
  A slave (D:8)
  A porcupine (D:9)
  3 ice beasts
  6 orc warriors
  A black bear (D:7)
  A phantom (D:10)
  9 ogres
  2 centaurs
  Duvessa (D:8)
  5 giant frogs
  An elf zombie (Ossuary)
  A lava worm (D:10)
  2 scorpions
  4 killer bees (D:7)
  A lava snake (D:10)
  5 wights
  A yak skeleton (D:7)
  A centaur zombie (D:9)
  A giant frog zombie (D:8)
  Dowan (D:8)
  8 crimson imps
  6 hounds
  11 orc priests
  6 jellies
  2 iguanas
  4 orange rats
  22 orc wizards
  6 worker ants
  A big kobold zombie (Ossuary)
  A mottled dragon zombie (D:8)
  A mummy (Ossuary)
  2 hound zombies
  19 adders
  8 green rats
  3 shadow imps
  6 gnolls
  A giant mite (D:6)
  2 worms
  An adder zombie (Ossuary)
  An iguana skeleton (D:10)
  An orc skeleton (D:6)
  8 giant geckos
  An ooze (D:6)
  129 orcs
  15 bats
  A bat zombie (D:8)
  7 giant cockroaches
  11 hobgoblins
  2 quokkas
  A ball python (D:2)
  7 giant newts
  18 goblins
  A goblin skeleton (D:5)
  A hobgoblin skeleton (D:6)
  4 jackals (D:3)
  A jackal zombie (Ossuary)
  15 kobolds
  A kobold zombie (D:7)
  2 orc zombies
  30 rats
  A rat zombie (Ossuary)
458 creatures vanquished.

Vanquished Creatures (collateral kills)
  Edmund (D:7)
  An ogre (D:5)
  An orc warrior (D:7)
  2 elf zombies (Ossuary)
  A crimson imp (D:3)
  A hound (D:5)
  A centaur skeleton (D:5)
  2 jellies (D:6)
  A worker ant (D:4)
  3 mummies (Ossuary)
  An adder (D:3)
  A giant mite (D:2)
  An inept feature mimic (D:5)
  An ooze (D:6)
  A giant gecko (D:3)
  4 orcs
  A goblin (D:2)
  A goblin zombie (Ossuary)
  A hobgoblin zombie (Ossuary)
  An orc skeleton (D:7)
  2 orc zombies (Ossuary)
29 creatures vanquished.

Vanquished Creatures (others)
  3 slaves (D:8)
  A sky beast (D:8)
  13 crimson imps
  A hound (D:8)
  5 iron imps
  A gnoll (D:8)
  5 shadow imps
  7 white imps
  A toadstool (D:6)
37 creatures vanquished.

Grand Total: 524 creatures vanquished

Notes
Turn   | Place    | Note
--------------------------------------------------------------
     0 | D:1      | Quh, the Demonspawn Wizard, began the quest for the Orb.
     0 | D:1      | Reached XP level 1. HP: 13/13 MP: 4/4
   443 | D:1      | Gained mutation: You can steal the life force of nearby defeated enemies. [demonic ancestry]
   443 | D:1      | Reached XP level 2. HP: 19/19 MP: 3/6
   447 | D:1      | Learned a level 2 spell: Blink
   450 | D:1      | Learned a level 2 spell: Call Imp
   453 | D:1      | Learned a level 2 spell: Repel Missiles
   502 | D:1      | Reached skill level 1 in Translocations
  1411 | D:2      | Reached XP level 3. HP: 24/24 MP: 0/7
  2078 | D:2      | Reached XP level 4. HP: 25/30 MP: 2/9
  2417 | D:2      | Found an ancient bone altar of Kikubaaqudgha.
  2418 | D:2      | Found a snail-covered altar of Cheibriados.
  3689 | D:3      | Reached XP level 5. HP: 31/35 MP: 1/11
  3874 | D:4      | Found Heiwn's Antique Armour Shop.
  3878 | D:4      | Bought an embroidered robe for 23 gold pieces
  4203 | D:4      | Reached skill level 4 in Spellcasting
  4214 | D:4      | Learned a level 3 spell: Mephitic Cloud
  4427 | D:4      | Gained mutation: You have a pair of small horns on your head. [demonic ancestry]
  4427 | D:4      | Reached XP level 6. HP: 41/41 MP: 10/15
  4642 | D:4      | Reached skill level 1 in Poison Magic
  4682 | D:4      | Reached skill level 1 in Air Magic
  5003 | D:5      | Entered Level 5 of the Dungeon
  5166 | D:5      | Found a staircase to the Ecumenical Temple.
  5357 | Temple   | Entered the Ecumenical Temple
  5427 | Temple   | Became a worshipper of Vehumet
  5574 | D:5      | Found a bloodstained altar of Trog.
  5581 | D:5      | Gained mutation: You have a pair of horns on your head. [demonic ancestry]
  5581 | D:5      | Reached XP level 7. HP: 46/46 MP: 9/17
  5586 | D:5      | Learned a level 3 spell: Conjure Flame
  5591 | D:5      | Found an opulent altar of Gozag.
  5601 | D:5      | Found a glowing silver altar of Zin.
  6429 | D:5      | Reached skill level 5 in Spellcasting
  6635 | D:6      | Reached skill level 5 in Conjurations
  6660 | D:6      | Found a sand-covered staircase.
  6694 | Ossuary  | Entered an ossuary
  6739 | Ossuary  | HP: 2/47 [mummy (3)]
  6762 | Ossuary  | HP: 2/47 [elf zombie (3)]
  6780 | Ossuary  | Reached skill level 1 in Fighting
  7368 | D:6      | Noticed lennard's ghost (average GrBe)
  7438 | D:6      | Gained mutation: You are partially covered in thin metallic scales (AC +2). [demonic ancestry]
  7438 | D:6      | Reached XP level 8. HP: 56/56 MP: 12/20
  7478 | D:6      | Found a viscous altar of Jiyva.
  7545 | D:6      | Acquired Vehumet's first power
  7545 | D:6      | Offered knowledge of Shock by Vehumet.
  7548 | D:6      | Learned a level 1 spell: Shock
  7854 | D:6      | Reached skill level 6 in Conjurations
  8268 | D:6      | Offered knowledge of Throw Frost by Vehumet.
  8531 | D:6      | Got a bronze chain mail
  8854 | D:7      | Learned a level 2 spell: Throw Frost
  9019 | D:7      | Reached skill level 1 in Ice Magic
  9250 | D:7      | Noticed Arvee's ghost (experienced TrMo)
  9575 | D:7      | Reached XP level 9. HP: 64/64 MP: 5/23
  9615 | D:7      | Noticed Edmund
 10023 | D:8      | Got a faintly humming buckler
 10032 | D:8      | Identified the cursed +3 buckler of the Earth {Dex+3 Int-4} (You found it on level 8 of the Dungeon)
 10093 | D:8      | Noticed Duvessa
 10093 | D:8      | Noticed Dowan
 10111 | D:8      | Killed Duvessa
 10111 | D:8      | Reached skill level 7 in Conjurations
 10118 | D:8      | Killed Dowan
 10579 | D:7      | Found a stormy altar of Qazlal.
 11038 | D:7      | Offered knowledge of Dazzling Spray by Vehumet.
 11135 | D:7      | Killed Edmund
 11930 | D:7      | Reached skill level 8 in Conjurations
 12135 | D:8      | Found a burning altar of Makhleb.
 12182 | D:8      | Gained mutation: You have a pair of large horns on your head. [demonic ancestry]
 12182 | D:8      | Reached XP level 10. HP: 68/71 MP: 2/25
 12314 | D:8      | Got an ichor-stained quarterstaff
 12315 | D:8      | Identified the +2 quarterstaff of the Forgotten Wonders {pain, rPois rF+ Dex+2 Stlth+} (You took it off a hobgoblin on level 8 of the Dungeon)
 12432 | D:8      | Noticed Pikel
 12446 | D:8      | Killed Pikel
 12638 | D:8      | Reached skill level 5 in Stealth
 13005 | D:8      | Reached skill level 5 in Ice Magic
 13066 | D:8      | Found a blossoming altar of Fedhas.
 13952 | D:8      | Learned a level 6 spell: Bolt of Cold
 14041 | D:8      | Reached skill level 9 in Conjurations
 14295 | D:8      | Acquired Vehumet's second power
 15057 | D:9      | Found a staircase to the Lair.
 15085 | D:10     | Entered Level 10 of the Dungeon
 15378 | D:10     | Offered knowledge of Iskenderun's Mystic Blast by Vehumet.
 15861 | D:10     | Reached skill level 10 in Conjurations
 15995 | D:10     | Reached XP level 11. HP: 77/77 MP: 23/26
 16069 | D:10     | Noticed Sonja
 16070 | D:10     | Killed Sonja
 16304 | D:10     | Gained mutation: You have sharp toenails. [potion of mutation]
 16304 | D:10     | Gained mutation: Your muscles are strong. (Str +2) [potion of mutation]
 16304 | D:10     | Gained mutation: You are agile. (Dex +2) [potion of mutation]
 16863 | D:9      | Noticed Duskembrace's ghost (experienced TrMo)
 16874 | D:9      | Acquired Vehumet's third power
 17048 | D:9      | Killed Duskembrace's ghost
 17154 | D:9      | Offered knowledge of Throw Icicle by Vehumet.
 17165 | D:9      | Got a smoking mace
 17168 | D:9      | Identified the cursed -1 mace of War {elec, rF+ rC+} (You took it off an orc on level 9 of the Dungeon)
 17357 | D:9      | the staircase to the Lair was a mimic.
 17771 | D:9      | Offered knowledge of Orb of Destruction by Vehumet.
 17845 | D:9      | Found a staircase to the Orcish Mines.
 18122 | Orc:1    | Entered Level 1 of the Orcish Mines
 18898 | Orc:2    | Found a radiant altar of Vehumet.
 18903 | Orc:1    | Upgraded the game from 0.15-a0-1569-gdbe329f to 0.15-a0-1579-gd26fec2
 19262 | Orc:1    | Learned a level 7 spell: Orb of Destruction
 20077 | Orc:2    | Noticed Eustachio
 20084 | Orc:2    | Killed Eustachio
 20084 | Orc:2    | Reached skill level 11 in Conjurations
 20311 | Orc:2    | Noticed an ice dragon
 20358 | Orc:2    | Killed from afar by an ice dragon

Action                   |  1- 3 |  4- 6 |  7- 9 | 10-12 || total
-------------------------+-------+-------+-------+-------++-------
Melee: Unarmed           |    15 |       |       |       ||    15
       Dagger            |    20 |    45 |       |       ||    65
       Quarterstaff      |       |    19 |    63 |   167 ||   249
       Short sword       |       |     5 |       |       ||     5
 Cast: Magic Dart        |    81 |   181 |   355 |   334 ||   951
       Call Imp          |     2 |    17 |    44 |     9 ||    72
       Mephitic Cloud    |       |     3 |    12 |    12 ||    27
       Conjure Flame     |       |       |    36 |    20 ||    56
       Blink             |       |       |    15 |     7 ||    22
       Shock             |       |       |    81 |    71 ||   152
       Throw Frost       |       |       |    39 |   209 ||   248
       Repel Missiles    |       |       |     1 |       ||     1
       Bolt of Cold      |       |       |       |    36 ||    36
  Use: Scroll            |     2 |     3 |     8 |    14 ||    27
       Potion            |       |       |     2 |     1 ||     3
